 Dungeon Crawl Stone Soup version 0.30.0-29-ga12c61a403 (webtiles) character file.

Game seed: 7946145745307718282

280 FallenXxXSky the Ducker (level 6, -2/48 HPs)
             Began as a Merfolk Artificer on June 21, 2023.
             Was a Follower of Ashenzari.
             Hit by a boomerang thrown by an orc (7 damage)
             ... on level 4 of the Dungeon.
             The game lasted 00:09:10 (3811 turns).

FallenXxXSky the Ducker (Merfolk Artificer)         Turns: 3811, Time: 00:09:13

Health: -2/48      AC:  0    Str: 15    XL:     6   Next: 27%
Magic:  6/6        EV: 11    Int: 10    God:    Ashenzari [*.....]
Gold:   145        SH:  0    Dex: 14    Spells: 5/5 levels left

rFire   . . .        x - +0 rapier
rCold   . . .        (no shield)
rNeg    . . .        f - +0 scale mail
rPois   .            w - +0 helmet of Ashenzari's Scepticism {Bglg, Elem} (curse)
rElec   .            (no cloak)
rCorr   .            v - +0 pair of gloves of Ashenzari's Pleiades {Bglg, Alch} (curse)
SInv    .            (no boots)
Will    .....        l - amulet of the acrobat Stlth
                     t - ring of flight
HPRegen 0.28/turn    (no ring)
MPRegen 0.10/turn

%: acrobat
@: corroded, flying
A: (nimble swimmer 2), mertail
a: Renounce Religion, Shatter the Chains


You were on level 4 of the Dungeon.
You worshipped Ashenzari.
Ashenzari was aware of your devotion.
You visited 1 branch of the dungeon, and saw 4 of its levels.

You collected 145 gold pieces.

Inventory:

Hand Weapons
 x - a +0 rapier (weapon)
Armour
 f - a +0 scale mail (worn)
 v - the cursed +0 pair of gloves of Ashenzari's Pleiades (worn) {Bglg, Alch}
   (You found it on level 2 of the Dungeon)

   It has a curse which improves the following skills: Beguiling: Conjurations,
   Hexes and Translocations.
   Alchemy:   Poison Magic and Transmutations.
 w - the cursed +0 helmet of Ashenzari's Scepticism (worn) {Bglg, Elem}
   (You took it off Robin on level 1 of the Dungeon)

   It has a curse which improves the following skills: Beguiling: Conjurations,
   Hexes and Translocations.
   Elements:  Fire Magic, Ice Magic, Air Magic and Earth Magic.
Jewellery
 l - an amulet of the acrobat (around neck)
 t - a ring of flight (left hand)
Wands
 c - a wand of flame (3) (quivered)
 d - a wand of charming (11)
 m - a wand of digging (6)
Scrolls
 a - 3 scrolls of identify
 b - a scroll of acquirement
 g - 3 scrolls of teleportation
 h - a scroll of amnesia
 o - a scroll of enchant weapon
 q - 2 scrolls of enchant armour
 s - a scroll of magic mapping
 u - a scroll of noise
 y - a scroll of summoning
Potions
 i - 3 potions of brilliance
 j - a potion of ambrosia
 k - a potion of haste
 n - a potion of attraction
 p - 2 potions of curing
 r - 2 potions of mutation


   Skills:
 + Level 3.9 Fighting
 + Level 2.5 Armour
 + Level 5.3 Dodging
 - Level 1.1 Stealth
 - Level 3.0 Evocations


You had 5 spell levels left.
You didn't know any spells.
Your spell library contained the following spells:

 Spells                   Type           Power      Damage    Failure   Level
 Apportation              Tloc           0%         N/A       80%         1
 Sandblast                Erth           0%         2d4       80%         1
 Necrotise                Necr           0%         1d4       82%         1
 Summon Small Mammal      Summ           0%         N/A       82%         1
 Passwall                 Tmut/Erth      0%         N/A       91%         2
 Gell's Gravitas          Tloc           0%         N/A       99%         3
 Stone Arrow              Conj/Erth      0%         3d7       99%         3
 Teleport Other           Tloc           0%         N/A       99%         3
 Dispersal                Tloc           0%         N/A       100%        6


Dungeon Overview and Level Annotations

Branches:
Dungeon (4/15)             Temple (0/1) D:4

Altars:
Ashenzari
Wu Jian


Innate Abilities, Weirdness & Mutations

((You are very nimble when in or above water. (Stealth+, EV+, Speed+++)))
Your lower body shifts to a powerful aquatic tail in water.


Message History

The jelly hits you. The acid corrodes you!
You are splashed with acid!
You are too injured to fight recklessly!
You are too injured to fight recklessly!
You hit the jelly. The acid corrodes you!
Your hands burn!
The jelly is severely wounded.
The jelly misses you.
You hit the jelly but do no damage.
Your hands burn!
* * * LOW HITPOINT WARNING * * *
The jelly is severely wounded.
The jelly hits you.
* * * LOW HITPOINT WARNING * * *
The acid corrodes you!
You are splashed with acid!
* * * LOW HITPOINT WARNING * * *
Aiming: Iceblast
Press: ? - help, Shift-Dir - straight line The mass of ice explodes!
The iceblast engulfs the jelly!
You kill the jelly!
You hear a shout! x2; You hear a bark!
You hear a shout!
Aiming: Iceblast
Press: ? - help, Shift-Dir - straight line The mass of ice explodes!
The iceblast engulfs the adder!
You kill the adder!
The now-empty wand crumbles to dust.
An orc comes into view. It is wielding a +0 dagger.
The orc shouts!
An orc comes into view. It is wielding a +0 hand axe.
A jackal comes into view.
There are monsters nearby!
A jackal comes into view.
The jackal barks! x2
An orc comes into view. It is wielding a +0 flail.
The orc shouts!
Aiming: Charm
Press: ? - help, Shift-Dir - straight line, f - orc
Aim: an orc, wielding a +0 dagger (chance to affect: 73%)
The orc is charmed.
An orc wizard comes into view. It is wielding a +0 dagger.
The orc throws a boomerang.
The boomerang misses your orc. The boomerang hits you!
You die...

#....#.............
.#....†...........o..
#........|............#
.....##.......o.h.....
#....#.........h.o....
#....#........o.....###
#..................... .
......[...........#
.............@.....#####
##..#...........<......#
#.##.................#.
##.####.#.............#
........#...............
......##................
........................
...#....................
. #............##......


You could see an orc wizard, 2 orcs, 2 jackals and a friendly orc (charmed).

Vanquished Creatures
  A jelly (D:4)
  An iguana (D:3)
  Natasha (thrice) (D:3)
  An orc wizard (D:3)
  Robin (D:1)
  3 adders
  2 worms
  3 dart slugs
  An orc (D:3)
  10 endoplasms
  3 giant cockroaches
  9 goblins
  12 hobgoblins
  A quokka (D:2)
  A ball python (D:4)
  2 bats
  2 frilled lizards
  6 kobolds
  5 rats
67 creatures vanquished.

Vanquished Creatures (collateral kills)
  A worm (D:2)
  An orc (D:3)
  A giant cockroach (D:2)
3 creatures vanquished.

Vanquished Creatures (others)
  A scorpion (D:2)
1 creature vanquished.

Grand Total: 71 creatures vanquished

Notes
Turn   | Place    | Note
-------+----------+-------------------------------------------
     0 | D:1      | FallenXxXSky the Merfolk Artificer began the quest for the
                  | Orb.
     0 | D:1      | Reached XP level 1. HP: 15/15 MP: 1/1
   108 | D:1      | Reached skill level 3 in Dodging
   133 | D:1      | Reached skill level 1 in Armour
   133 | D:1      | Reached XP level 2. HP: 12/21 MP: 2/2
   356 | D:1      | Found a faded altar of an unknown god.
   364 | D:1      | Prayed at the altar of an unknown god.
   364 | D:1      | Became a worshipper of Ashenzari the Shackled
  1213 | D:2      | Noticed a scorpion
  1223 | D:2      | Reached XP level 3. HP: 6/27 MP: 3/3
  1227 | D:2      | HP: 1/27 [goblin/+0 dagger (3)]
  1927 | D:2      | Noticed Robin
  2074 | D:1      | Killed Robin
  2075 | D:1      | Reached XP level 4. HP: 23/34 MP: 4/4
  2141 | D:2      | Reached skill level 4 in Dodging
  2512 | D:3      | Found an ornate altar of the Wu Jian Council.
  2566 | D:3      | Noticed Natasha
  2573 | D:3      | Killed Natasha
  2875 | D:3      | Reached XP level 5. HP: 41/41 MP: 5/5
  2945 | D:3      | Noticed Natasha
  2954 | D:3      | Killed Natasha
  3169 | D:3      | Noticed Natasha
  3179 | D:3      | Killed Natasha
  3311 | D:3      | Reached skill level 5 in Dodging
  3544 | D:3      | Reached * piety under Ashenzari
  3544 | D:3      | Identified a scroll of acquirement
  3636 | D:3      | Reached XP level 6. HP: 15/48 MP: 6/6
  3773 | D:4      | Found a staircase to the Ecumenical Temple.
  3801 | D:4      | HP: 2/48 [acid (9)]
  3811 | D:4      | Hit by a boomerang thrown by an orc

Illustrated notes

Levels and vault maps discovered:
D:1:      amcnicky_arrival_gap_in_the_tavern_cellar, layout_basic,
          basic_ecumenical_altar, hangedman_decor_diamond_cutter,
          minmay_tiny_reverse_x
D:2:      layout_rooms, dk_noncrumbling_2, uniq_robin
D:3:      layout_loops_cross, amcnicky_altar_gilded, uniq_natasha
D:4:      layout_cave_pools, minmay_temple_entry_overgrown,
          eino_small_chamber_without_monster, kennysheep_cluttered_room

Skill      XL: |  1  2  3  4  5 |
---------------+----------------+-----
Dodging        | 3 4 5 |  5.3
Armour         | 1 2 |  2.5
Fighting       | 2 3 |  3.9
Stealth        | |  1.1
Evocations     | |  3.0

Action                     |  1- 3 |  4- 6 || total
---------------------------+-------+-------++-------
  Melee: Dagger            |   240 |    40 ||   280
         Club              |    12 |       ||    12
         Punch             |     2 |       ||     2
         Rapier            |       |   117 ||   117
 Invoke: Curse Item        |     1 |     1 ||     2
  Evoke: Wand              |     6 |    15 ||    21
   Stab: Sleeping          |     5 |       ||     5
 Armour: Leather armour    |    72 |    22 ||    94
         Scale mail        |       |    27 ||    27
  Dodge: Dodged            |   127 |   117 ||   244
